 Dungeon Crawl Stone Soup version 0.31-a0-986-g5e6e4ef867 (webtiles) character file.

Game seed: 4258506633868255653

1280 GloriousHammer the Covert (level 8, -2/43 HPs)
             Began as a Kobold Enchanter on Nov 5, 2023.
             Splashed by a jelly's acid (9 damage)
             ... in a sewer.
             The game lasted 00:15:22 (5138 turns).

GloriousHammer the Covert (Kobold Enchanter)        Turns: 5138, Time: 00:15:23

Health: -2/43      AC:  1    Str:  5    XL:     8   Next: 84%
Magic:  15/15      EV: 14    Int: 23    God:
Gold:   313        SH:  0    Dex: 17    Spells: 4/17 levels left

rFire   . . .        a - +2 dagger (drain)
rCold   . . .        (no shield)
rNeg    . . .        d - +0 leather armour
rPois   .            (no helmet)
rElec   .            m - +0 cloak
rCorr   .            (no gloves)
SInv    .            r - +0 pair of boots
Will    .....        (no amulet)
Stlth   +++          p - +6 ring of intelligence
HPRegen 0.27/turn    Z - ring of wizardry
MPRegen 0.14/turn

%: wizardry (x1)
@: corroded, very slow
A: small, no large weapons, nightstalker 3
a: no special abilities


You were in a sewer.
You visited 1 branch of the dungeon, and saw 5 of its levels.
You also visited: Sewer.

You collected 313 gold pieces.

Inventory:

Hand Weapons
 a - a +2 dagger of draining (weapon)
 b - a +0 sling
Missiles
 o - 5 darts of dispersal
Armour
 d - a +0 leather armour (worn)
 m - a +0 cloak (worn)
 r - a +0 pair of boots (worn)
 E - an orb of mayhem
Jewellery
 p - a +6 ring of intelligence (left hand)
 v - a ring of see invisible
 Z - a ring of wizardry (right hand)
Wands
 g - a wand of flame (20)
 w - a wand of polymorph (7)
Scrolls
 f - a scroll of immolation
 h - a scroll of fog
 k - a scroll of acquirement {unknown}
 q - a scroll of silence
 x - a scroll of revelation {unknown}
 y - a scroll of identify {unknown}
 A - 2 scrolls of fear {unknown}
 B - a scroll of vulnerability
 C - a scroll of torment {unknown}
Potions
 c - 3 potions of invisibility
 e - 2 potions of haste
 i - 2 potions of resistance
 j - 2 potions of degeneration {unknown}
 l - a potion of enlightenment {unknown}
 n - 2 potions of brilliance {unknown}
 s - a potion of curing
 t - a potion of magic {unknown}
 u - 2 potions of cancellation {unknown}
 z - a potion of lignification {unknown}
 D - 3 potions of heal wounds {unknown}
 F - a potion of might {unknown}


   Skills:
 + Level 1.4 Fighting
 + Level 5.9 Short Blades
 + Level 3.0 Dodging
 - Level 9.0 Stealth
 - Level 5.0 Spellcasting
 + Level 5.3 Hexes
 + Level 1.3 Translocations


You had 4 spell levels left.
You knew the following spells:

 Your Spells              Type           Power      Damage    Failure   Level
a - Confusing Touch       Hex            30%        N/A       2%          3
b - Tukima's Dance        Hex            30%        N/A       2%          3
c - Dazzling Flash        Conj/Hex       36%        N/A       6%          3
d - Blink                 Tloc           22%        N/A       6%          2
e - Ensorcelled Hibernat  Hex/Ice        36%        N/A       3%          2

Your spell library contained the following spells:

 Spells                   Type           Power      Damage    Failure   Level
 Lesser Beckoning         Tloc           22%        N/A       6%          2
 Momentum Strike          Conj/Tloc      16%        3d8       8%          2
 Cigotuvi's Dreadful Rot  Necr/Pois/Air  10%        N/A       10%         2
 Manifold Assault         Tloc           11%        N/A       32%         4
 Dispel Undead            Necr           5%         3d7       50%         4
 Dispersal                Tloc           5%         N/A       99%         6
 Death Channel            Necr           2%         N/A       100%        6
 Disjunction              Tloc           5%         N/A       100%        8


Dungeon Overview and Level Annotations

Branches:
Dungeon (5/15)              Sewer (1/1)
 Temple: D:4-7

Altars:
Fedhas
Uskayaw
Yredelemnul

Annotations:
D:2 exclusions: black bear and downstairs, Sigmund


Innate Abilities, Weirdness & Mutations

You are small and have problems with some larger weapons.
You are completely attuned to the shadows.


Message History

The giant cockroach closely misses you.
You hit the giant cockroach.
The giant cockroach is almost dead.
The giant cockroach barely misses you.
You hit the giant cockroach.
You kill the giant cockroach!
An endoplasm comes into view.
An endoplasm comes into view.
The helpless endoplasm fails to defend itself.
You stick the endoplasm like a pincushion!!!
You kill the endoplasm!
The endoplasm quivers.
You hit the endoplasm.
The endoplasm is lightly wounded.
You barely miss the endoplasm.
The endoplasm is lightly wounded.
The endoplasm splashes around in the water.
You hit the endoplasm.
The endoplasm is moderately wounded.
You hit the endoplasm.
You kill the endoplasm!
You enter the shallow water.
Moving in this stuff is going to be slow.
You enter the shallow water.
Moving in this stuff is going to be slow.
A jelly comes into view.
Found a scroll labelled BEISOH NEIRR.
You enter the shallow water.
Moving in this stuff is going to be slow.
Found a potion of invisibility.
Found a viscous altar of Jiyva.
The helpless jelly fails to defend itself.
You spit the jelly like a pig!!!
You kill the jelly!
Your Dodging skill increases to level 3!
c - 3 potions of invisibility (gained 1)
A - 2 scrolls labelled BEISOH NEIRR (gained 1)
You enter the shallow water.
Moving in this stuff is going to be slow.
A jelly comes into view.
Found a potion of haste.
You enter the shallow water.
Moving in this stuff is going to be slow.
Found a black potion.
The helpless jelly fails to defend itself.
You stick the jelly like a pincushion!!!
You kill the jelly!
A frilled lizard comes into view.
You see here a potion of haste.
You see here a black potion.
A frilled lizard is nearby!
You enter the shallow water.
Moving in this stuff is going to be slow.
Your unstable footing causes you to fumble your attack.
The helpless frilled lizard fails to defend itself.
You perforate the frilled lizard like a sieve!!!
You kill the frilled lizard!
You enter the shallow water.
Moving in this stuff is going to be slow.
F - a black potion
e - 2 potions of haste (gained 1)
You enter the shallow water.
Moving in this stuff is going to be slow.
You enter the shallow water.
Moving in this stuff is going to be slow.
D - 3 ruby potions (gained 1)
You enter the shallow water.
Moving in this stuff is going to be slow.
You enter the shallow water.
Moving in this stuff is going to be slow.
You enter the shallow water.
Moving in this stuff is going to be slow.
A jelly comes into view.
Found a silvery potion.
A jelly is nearby!
You enter the shallow water.
Moving in this stuff is going to be slow.
Your unstable footing causes you to fumble your attack.
The jelly quivers.
The jelly completely misses you.
You hit the jelly.
Your hands burn!
The jelly is moderately wounded.
The jelly hits you. The acid corrodes you!
You are splashed with acid.
You hit the jelly. You drain the jelly.
Your hands burn!
The jelly is heavily wounded.
You completely miss the jelly.
The jelly is heavily wounded.
The jelly barely misses you.
You hit the jelly. You drain the jelly.
Your hands burn!
The jelly is almost dead.
The jelly misses you.
You hit the jelly but do no damage.
Your hands burn!
The jelly is almost dead.
Your unstable footing causes you to fumble your attack.
The jelly hits you.
You are splashed with acid!
* * * LOW HITPOINT WARNING * * *
Your unstable footing causes you to fumble your attack.
The jelly hits you.
* * * LOW HITPOINT WARNING * * *
You are splashed with acid!
You die...

#..# #.~# #..# #..#
#..# #.~# #..####~.#
#~.# #†....~~.# #.~#
#.~....~.# #.~#
########## #.~# #####
##~~# ##~~.## #.~.#
#.~~.@# ##..##
#~~#~.J####~~~#
####~~##!.##.~..~#
##.~...~####.~~~~##
####.~~~....##.~.~###
##~...~~###....~~.##
####..~.~.##.##~~~~~##
#..~..##..#...##....#
.~~~~###~.##~....~~.##


You could see a jelly (very drained).

Vanquished Creatures
  A sky beast (D:5)
  3 black bears (D:4)
  A centaur (D:5)
  A phantom (D:4)
  2 scorpions (D:4)
  A water moccasin zombie (D:4)
  A hound (D:4)
  2 jellies (Sewer)
  Jessica (D:2)
  Natasha (thrice) (D:3)
  Terence (D:3)
  An iguana (D:4)
  2 scorpion zombies (D:4)
  A hound zombie (D:4)
  Robin (D:3)
  9 adders
  A river rat (D:5)
  2 adder zombies (D:4)
  An adder skeleton (D:4)
  2 worms
  3 dart slugs
  14 orcs
  9 ball pythons
  2 bats (D:3)
  10 endoplasms
  8 giant cockroaches
  28 goblins
  14 hobgoblins
  3 jackals (D:3)
  5 kobolds
  5 quokkas
  12 frilled lizards
  8 rats
158 creatures vanquished.

Notes
Turn   | Place    | Note
-------+----------+-------------------------------------------
     0 | D:1      | GloriousHammer the Kobold Enchanter began the quest for the
                  | Orb.
     0 | D:1      | Reached XP level 1. HP: 10/10 MP: 3/3
   233 | D:1      | Reached XP level 2. HP: 15/15 MP: 5/5
   570 | D:1      | Reached XP level 3. HP: 19/19 MP: 6/6
   786 | D:2      | Noticed Jessica
   790 | D:2      | Killed Jessica
   791 | D:2      | Reached XP level 4. HP: 18/24 MP: 6/8
  1141 | D:2      | Reached skill level 5 in Stealth
  1163 | D:2      | Noticed a black bear
  1358 | D:2      | Reached XP level 5. HP: 21/28 MP: 9/9
  1515 | D:2      | Noticed Sigmund
  1709 | D:2      | Learned a level 3 spell: Confusing Touch
  1713 | D:2      | Learned a level 3 spell: Tukima's Dance
  1717 | D:2      | Learned a level 3 spell: Dazzling Flash
  2006 | D:3      | Noticed Robin
  2293 | D:3      | Killed Robin
  2377 | D:3      | Found a faded altar of an unknown god.
  2410 | D:3      | Noticed Natasha
  2411 | D:3      | Killed Natasha
  2444 | D:3      | Reached XP level 6. HP: 31/32 MP: 10/10
  2447 | D:3      | Learned a level 2 spell: Blink
  2448 | D:3      | Noticed Natasha
  2467 | D:3      | Killed Natasha
  2468 | D:3      | Reached skill level 6 in Stealth
  2584 | D:3      | Noticed Terence
  2588 | D:3      | Killed Terence
  2713 | D:3      | Found a basalt altar of Yredelemnul.
  2774 | D:3      | Noticed Natasha
  2784 | D:3      | Killed Natasha
  3086 | D:4      | Noticed a black bear
  3181 | D:4      | Reached XP level 7. HP: 28/36 MP: 12/12
  3233 | D:4      | Reached skill level 7 in Stealth
  3840 | D:4      | Reached skill level 8 in Stealth
  3863 | D:4      | Reached skill level 5 in Short Blades
  3863 | D:4      | Reached XP level 8. HP: 36/41 MP: 14/14
  4012 | D:4      | Reached skill level 5 in Hexes
  4349 | D:4      | Found a hide-covered altar of Uskayaw.
  4619 | D:4      | Reached skill level 9 in Stealth
  4630 | D:4      | Learned a level 2 spell: Ensorcelled Hibernation
  4757 | D:5      | Entered Level 5 of the Dungeon
  4832 | D:5      | Reached skill level 1 in Fighting
  4832 | D:5      | Reached skill level 5 in Spellcasting
  4832 | D:5      | Reached skill level 1 in Translocations
  4914 | D:5      | Found a blossoming altar of Fedhas.
  4951 | D:5      | Found a glowing drain.
  4968 | Sewer    | Entered a sewer
  5067 | Sewer    | Found a viscous altar of Jiyva.
  5138 | Sewer    | Splashed by a jelly's acid

Illustrated notes

Levels and vault maps discovered:
D:1:      minmay_arrival_hallway, layout_basic
D:2:      layout_basic, minmay_goblin_kobold_house, uniq_jessica, uniq_sigmund
D:3:      layout_basic, mainiacjoe_overflow_boulevard,
          hellmonk_ecumenical_altar_blasted, uniq_terence, uniq_natasha,
          uniq_robin
D:4:      cheibrodos_greedy_goblins, layout_loops_corners,
          nicolae_uskayaw_suspiria, serial_undead, serial_undead_c,
          serial_undead_c, serial_undead_f, serial_undead_e, st_stairs_9
D:5:      layout_gridville, mainiacjoe_overflow_tiny_flanked,
          portal_sewer_entry_a, gammafunk_ghost_necromancy
Sewer:    sewer_hellmonk_slimy_pipes

Skill      XL: |  1  2  3  4  5  6  7  8 |
---------------+-------------------------+-----
Short Blades   | 2 3 4 5 |  5.9
Stealth        | 5 6 8 9 |  9.0
Spellcasting   | 3 4 5 |  5.0
Hexes          | 4 5 |  5.3
Fighting       | 1 |  1.4
Translocations | 1 |  1.3
Dodging        | 3 |  3.0

Action                     |  1- 3 |  4- 6 |  7- 9 || total
---------------------------+-------+-------+-------++-------
  Melee: Dagger            |    45 |   224 |   256 ||   525
         Punch             |     1 |     2 |     2 ||     5
    Use: Potion            |       |     3 |       ||     3
         Scroll            |       |     1 |     3 ||     4
   Stab: Sleeping          |    10 |     8 |    24 ||    42
         Distracted        |       |     3 |       ||     3
 Armour: Leather armour    |    10 |    90 |    92 ||   192
  Dodge: Dodged            |    18 |   121 |   147 ||   286

Table legend: (Time is in decaauts)
 A = Elapsed time spent in this place.
 B = Non-inter-level travel time spent in this place.
 C = Inter-level travel time spent in this place.
 D = Time resting spent in this place.
 E = Time spent auto-exploring this place.
 F = Levels seen in this place.
 G = Mean time per level.
                   A        B        C        D        E       F      G
               +--------+--------+--------+--------+--------+-----+--------+
         Total |   5040 |   4870 |    170 |    526 |   2748 |   6 |  840.0 |
       Dungeon |   4863 |   4693 |    170 |    526 |   2710 |   5 |  972.6 |
         Sewer |    176 |    176 |      0 |      0 |     38 |   1 |  176.0 |
               +--------+--------+--------+--------+--------+-----+--------+

Top non-repeatable levels by time:
     D:4: 1622 daAuts
     D:3: 1260 daAuts
     D:2: 1016 daAuts
     D:1: 757 daAuts
     D:5: 207 daAuts
   Sewer: 176 daAuts
